RBL
DETROIT TIGERS @ MINNESOTA TWINS
08/25/1997
 
TOP OF THE 1ST
Detroit Tigers batting - Pitching for Minnesota Twins : RHP Paul Byrd
Pitching: RHP Paul Byrd
Batting: RHB Hensley Meulens 0-0: Ball
1-0: Ball
2-0: Called Strike
2-1: Called Strike
2-2: Fly out, F8 (Flyball, 8RXD, EV 83.1 MPH)
Batting: LHB Scott Hatteberg 0-0: Swinging Strike
0-1: Ball
1-1: Ground out 6-3 (Groundball, 6, EV 86.3 MPH)
Batting: RHB Danny Peoples 0-0: Foul Ball, location: 2F
0-1: Ball
1-1: SINGLE (Groundball, 34D, EV 95.0 MPH)
Batting: LHB Mark Grace 0-0: Ball
1-0: Foul Ball, location: 7LMF
1-1: Ball
2-1: Fly out, F6 (Popup, 6, EV 57.5 MPH)
Top of the 1st over - 0 runs, 1 hit, 0 errors, 1 left on base; Detroit 0 - Minnesota 0
BOTTOM OF THE 1ST
Minnesota Twins batting - Pitching for Detroit Tigers : RHP Antonio Alfonseca
Pitching: RHP Antonio Alfonseca
Batting: RHB Tim Garland 0-0: Called Strike
0-1: Ground out 6-3 (Groundball, 6, EV 105.0 MPH)
Batting: LHB Bo Springfield 0-0: Ball
1-0: Ball
2-0: Reached on error, E3 (Groundball, 34, EV 80.0 MPH)
Batting: LHB Fernando Vina 0-0: Ball
Bo Springfield is caught stealing 2nd base 2-6
1-0: Called Strike
1-1: Ball
2-1: Foul Ball, location: 2F
2-2: Ball
3-2: Foul Ball, location: 25F
3-2: Foul Ball, location: 5F
3-2: Foul Ball, location: 7LDF
3-2: Base on Balls
Batting: RHB Mark Loretta 0-0: Ball
1-0: Ball
2-0: Called Strike
2-1: Ball
3-1: Foul Ball, location: 3DF
3-2: SINGLE (Groundball, 4MD, EV 100.0 MPH)
Fernando Vina to second
Fernando Vina to third
Batting: RHB Mark Grudzielanek 0-0: Called Strike
0-1: Foul Ball, location: 2F
0-2: Strikes out swinging
Bottom of the 1st over - 0 runs, 1 hit, 1 error, 2 left on base; Detroit 0 - Minnesota 0
TOP OF THE 2ND
Detroit Tigers batting - Pitching for Minnesota Twins : RHP Paul Byrd
Batting: RHB Chad Rupp 0-0: Called Strike
0-1: Fly out, F6 (Popup, 6, EV 69.4 MPH)
Batting: LHB Larry Sutton 0-0: Called Strike
0-1: Ball
1-1: Foul Ball, location: 7LDF
1-2: Foul Ball, location: 2F
1-2: Ball
2-2: Strikes out swinging, 2-3 out at first.
Batting: RHB Adam Robinson 0-0: Ball
1-0: Ball
2-0: Called Strike
2-1: Foul Ball, location: 2F
2-2: Ground out 5-3 (Groundball, 5, EV 86.9 MPH)
Top of the 2nd over - 0 runs, 0 hits, 0 errors, 0 left on base; Detroit 0 - Minnesota 0
BOTTOM OF THE 2ND
Minnesota Twins batting - Pitching for Detroit Tigers : RHP Antonio Alfonseca
Batting: LHB Frank Catalanotto 0-0: Ball
1-0: Ball
2-0: Called Strike
2-1: Ball
3-1: Foul Ball, location: 2F
3-2: Strikes out swinging
Batting: LHB Alex Torres 0-0: Called Strike
0-1: Ground out 6-3 (Groundball, 6S, EV 109.4 MPH)
Batting: RHB Paul Konerko 0-0: Foul Ball, location: 2F
0-1: Ball
1-1: Foul Ball, location: 3SF
1-2: Ground out 6-3 (Groundball, 6, EV 83.1 MPH)
Bottom of the 2nd over - 0 runs, 0 hits, 0 errors, 0 left on base; Detroit 0 - Minnesota 0
TOP OF THE 3RD
Detroit Tigers batting - Pitching for Minnesota Twins : RHP Paul Byrd
Batting: RHB Alex Gonzalez 0-0: Called Strike
0-1: Foul Ball, location: 5SF
0-2: Foul Ball, location: 2F
0-2: Ball
1-2: Ball
2-2: Ball
3-2: Foul Ball, location: 7LSF
3-2: Fly out, F8 (Flyball, 89D, EV 102.5 MPH)
Batting: RHB Jung-keun Pak 0-0: Ball
1-0: Called Strike
1-1: Swinging Strike
1-2: Ball
2-2: Foul Ball, location: 2F
2-2: Fly out, F9 (Flyball, 89M, EV 85.0 MPH)
Batting: RHB Hensley Meulens 0-0: Swinging Strike
0-1: Ball
1-1: Foul Ball, location: 2F
1-2: Strikes out swinging
Top of the 3rd over - 0 runs, 0 hits, 0 errors, 0 left on base; Detroit 0 - Minnesota 0
BOTTOM OF THE 3RD
Minnesota Twins batting - Pitching for Detroit Tigers : RHP Antonio Alfonseca
Batting: RHB Kirk Ordway 0-0: Called Strike
0-1: Ball
1-1: Ball
2-1: Ball
3-1: Ground out U3 (Groundball, 34, EV 103.1 MPH)
Batting: RHB Tim Garland 0-0: Called Strike
0-1: Foul Ball, location: 9LSF
0-2: Ground out 2-3 (Groundball, 2L, EV 73.1 MPH)
Batting: LHB Bo Springfield 0-0: Ball
1-0: Ball
2-0: Ball
3-0: Base on Balls
Batting: LHB Fernando Vina 0-0: Swinging Strike
0-1: Ball
1-1: Foul Ball, location: 2F
1-2: Ball
2-2: Ball
3-2: Fly out, F8 (Flyball, 8RD, EV 110.0 MPH)
Bottom of the 3rd over - 0 runs, 0 hits, 0 errors, 1 left on base; Detroit 0 - Minnesota 0
TOP OF THE 4TH
Detroit Tigers batting - Pitching for Minnesota Twins : RHP Paul Byrd
Batting: LHB Scott Hatteberg 0-0: Ball
1-0: Ball
2-0: Fly out, F7 (Flyball, 78M, EV 88.8 MPH)
Batting: RHB Danny Peoples 0-0: Called Strike
0-1: Called Strike
0-2: Ball
1-2: Ball
2-2: Foul Ball, location: 5FF
2-2: Foul Ball, location: 2F
2-2: Ball
3-2: Fly out, F8 (Flyball, 8RXD, EV 106.9 MPH)
Batting: LHB Mark Grace 0-0: Ball
1-0: Foul Ball, location: 2F
1-1: Ball
2-1: Ground out 4-3 (Groundball, 4, EV 93.8 MPH)
Top of the 4th over - 0 runs, 0 hits, 0 errors, 0 left on base; Detroit 0 - Minnesota 0
BOTTOM OF THE 4TH
Minnesota Twins batting - Pitching for Detroit Tigers : RHP Antonio Alfonseca
Batting: RHB Mark Loretta 0-0: Ball
1-0: Ball
2-0: Called Strike
2-1: SINGLE (Line Drive, 3L, EV 100.0 MPH)
Batting: RHB Mark Grudzielanek 0-0: Swinging Strike
0-1: Ball
1-1: Foul Ball, location: 2F
1-2: Ball
2-2: Ball
3-2: Grounds into double play, 6-4-3 (Groundball, 6, EV 103.1 MPH)
Batting: LHB Frank Catalanotto 0-0: Foul Ball, location: 2LF
0-1: SINGLE (Line Drive, 7LS, EV 91.9 MPH)
Batting: LHB Alex Torres 0-0: Called Strike
0-1: Ball
1-1: SINGLE (Groundball, 56D, EV 100.6 MPH)
Frank Catalanotto to second
Batting: RHB Paul Konerko 0-0: Swinging Strike
0-1: Ball
Wild Pitch!
Frank Catalanotto to third
Alex Torres to second
1-1: Foul Ball, location: 2F
1-2: Fly out, F4 (Popup, 4D, EV 49.4 MPH)
Bottom of the 4th over - 0 runs, 3 hits, 0 errors, 2 left on base; Detroit 0 - Minnesota 0
TOP OF THE 5TH
Detroit Tigers batting - Pitching for Minnesota Twins : RHP Paul Byrd
Batting: RHB Chad Rupp 0-0: Ground out 5-3 (Groundball, 56S, EV 70.0 MPH)
Batting: LHB Larry Sutton 0-0: Called Strike
0-1: Ball
1-1: Ball
2-1: Ball
3-1: Swinging Strike
3-2: Fly out, F8 (Line Drive, 8LM, EV 92.5 MPH)
Batting: RHB Adam Robinson 0-0: Foul Ball, location: 2F
0-1: Foul Ball, location: 9LSF
0-2: Fly out, F7 (Line Drive, 78M, EV 91.9 MPH)
Top of the 5th over - 0 runs, 0 hits, 0 errors, 0 left on base; Detroit 0 - Minnesota 0
BOTTOM OF THE 5TH
Minnesota Twins batting - Pitching for Detroit Tigers : RHP Antonio Alfonseca
Batting: RHB Kirk Ordway 0-0: Ball
1-0: Foul Ball, location: 7LMF
1-1: Ball
2-1: Called Strike
2-2: Fly out, F5 (Line Drive, 5, EV 70.0 MPH)
Batting: RHB Tim Garland 0-0: Called Strike
0-1: Called Strike
0-2: Ground out 6-3 (Groundball, 6, EV 90.6 MPH)
Batting: LHB Bo Springfield 0-0: Called Strike
0-1: Ground out 1-3 (Groundball, 15S, EV 70.0 MPH)
Bottom of the 5th over - 0 runs, 0 hits, 0 errors, 0 left on base; Detroit 0 - Minnesota 0
TOP OF THE 6TH
Detroit Tigers batting - Pitching for Minnesota Twins : RHP Paul Byrd
Batting: RHB Alex Gonzalez 0-0: Ball
1-0: Called Strike
1-1: Ball
2-1: Fly out, F8 (Flyball, 8LM, EV 85.6 MPH)
Batting: RHB Jung-keun Pak 0-0: Swinging Strike
0-1: Called Strike
0-2: Fly out, F8 (Flyball, 89M, EV 88.1 MPH)
Batting: RHB Hensley Meulens 0-0: SOLO HOME RUN (Flyball, 78XD, EV 107.5 MPH), Distance : 416 ft
Batting: LHB Scott Hatteberg 0-0: Ball
1-0: Ball
2-0: Called Strike
2-1: Fly out, F7 (Flyball, 78D, EV 110.6 MPH)
Top of the 6th over - 1 run, 1 hit, 0 errors, 0 left on base; Detroit 1 - Minnesota 0
BOTTOM OF THE 6TH
Minnesota Twins batting - Pitching for Detroit Tigers : RHP Antonio Alfonseca
Batting: LHB Fernando Vina 0-0: Ground out U3 (Groundball, 34, EV 105.6 MPH)
Batting: RHB Mark Loretta 0-0: Ball
1-0: Ball
2-0: Reached on error, E5 (Groundball, 56, EV 94.4 MPH)
Batting: RHB Mark Grudzielanek 0-0: Ball
1-0: Ball
2-0: Called Strike
2-1: Ball
3-1: DOUBLE (Line Drive, 89XD, EV 105.6 MPH)
Mark Loretta to third
Batting: LHB Frank Catalanotto 0-0: Called Strike
0-1: Ball
1-1: Foul Ball, location: 5FF
1-2: Foul Ball, location: 2RF
1-2: Fielders Choice at home, 5-2 (Groundball, 56S, EV 93.1 MPH)
Mark Grudzielanek to third
Batting: LHB Alex Torres 0-0: Ball
1-0: Foul Ball, location: 7LDF
1-1: Ball
2-1: Foul Ball, location: 9LDF
2-2: Fielders Choice at 2nd, U4 (Groundball, 4M, EV 84.4 MPH)
Bottom of the 6th over - 0 runs, 1 hit, 1 error, 2 left on base; Detroit 1 - Minnesota 0
TOP OF THE 7TH
Detroit Tigers batting - Pitching for Minnesota Twins : RHP Paul Byrd
Batting: RHB Danny Peoples 0-0: Called Strike
0-1: Swinging Strike
0-2: Strikes out swinging
Batting: LHB Mark Grace 0-0: Ball
1-0: Foul Ball, location: 2F
1-1: SOLO HOME RUN (Flyball, 7LD, EV 99.4 MPH), Distance : 373 ft
Batting: RHB Chad Rupp 0-0: Foul Ball, location: 9LDF
0-1: DOUBLE (Line Drive, 9LM, EV 101.3 MPH)
Batting: LHB Larry Sutton 0-0: Ball
1-0: Foul Ball, location: 2RF
1-1: Ball
2-1: Ball
Wild Pitch!
Chad Rupp to third
3-1: SINGLE (Line Drive, 6MD, EV 65.0 MPH)
Chad Rupp scores
Pitching: LHP Howard Landry
Batting: RHB Adam Robinson 0-0: Called Strike
0-1: Reached on error, E6 (Groundball, 6S, EV 84.4 MPH)
Larry Sutton to second
Batting: RHB Alex Gonzalez 0-0: Ball
1-0: Ball
2-0: Grounds into double play, 1-4-3 (Groundball, 15, EV 73.8 MPH)
Top of the 7th over - 2 runs, 3 hits, 1 error, 1 left on base; Detroit 3 - Minnesota 0
BOTTOM OF THE 7TH
Minnesota Twins batting - Pitching for Detroit Tigers : RHP Antonio Alfonseca
Batting: RHB Paul Konerko 0-0: Called Strike
0-1: Called Strike
0-2: Ball
1-2: Ground out 5-3 (Groundball, 56S, EV 83.1 MPH)
Pitching: RHP Eric Bradley
Batting: RHB Kirk Ordway 0-0: Called Strike
0-1: Foul Ball, location: 9LMF
0-2: Foul Ball, location: 7LDF
0-2: Strikes out swinging
Batting: RHB Tim Garland 0-0: Ball
1-0: DOUBLE (Line Drive, 8LD, EV 104.4 MPH)
Batting: LHB Bo Springfield 0-0: Called Strike
0-1: Ball
1-1: Ground out 4-3 (Groundball, 34, EV 88.1 MPH)
Bottom of the 7th over - 0 runs, 1 hit, 0 errors, 1 left on base; Detroit 3 - Minnesota 0
TOP OF THE 8TH
Detroit Tigers batting - Pitching for Minnesota Twins : LHP Howard Landry
Batting: RHB Jung-keun Pak 0-0: Called Strike
0-1: Ball
1-1: Ball
2-1: Ground out 3-1 (Groundball, 13, EV 77.5 MPH)
Batting: RHB Hensley Meulens 0-0: Ball
1-0: Ball
2-0: Called Strike
2-1: Ball
3-1: Ground out 6-3 (Groundball, 6, EV 105.6 MPH)
Batting: LHB Scott Hatteberg 0-0: Called Strike
0-1: Fly out, F4 (Popup, 3S, EV 73.8 MPH)
Top of the 8th over - 0 runs, 0 hits, 0 errors, 0 left on base; Detroit 3 - Minnesota 0
BOTTOM OF THE 8TH
Minnesota Twins batting - Pitching for Detroit Tigers : RHP Eric Bradley
Batting: LHB Fernando Vina 0-0: Fly out, F7 (Flyball, 7, EV 86.9 MPH)
Batting: RHB Mark Loretta 0-0: Ball
1-0: Ball
2-0: Ground out 2-3 (Groundball, 2R, EV 75.6 MPH)
Batting: RHB Mark Grudzielanek 0-0: Ball
1-0: Called Strike
1-1: Swinging Strike
1-2: Ball
2-2: Strikes out swinging
Bottom of the 8th over - 0 runs, 0 hits, 0 errors, 0 left on base; Detroit 3 - Minnesota 0
TOP OF THE 9TH
Detroit Tigers batting - Pitching for Minnesota Twins : LHP Howard Landry
Pitching: LHP Len Watts
Batting: RHB Danny Peoples 0-0: Foul Ball, location: 2F
0-1: Ball
1-1: Swinging Strike
1-2: SINGLE (Groundball, 34D, EV 98.8 MPH)
Batting: LHB Mark Grace 0-0: Foul Ball, location: 7LMF
0-1: Foul Ball, location: 9LDF
0-2: Ball
1-2: Strikes out looking
Batting: RHB Chad Rupp 0-0: Foul Ball, location: 2F
0-1: Ball
Wild Pitch!
Danny Peoples to second
1-1: Intentional Walk
Batting: LHB Larry Sutton 0-0: Ball
1-0: Called Strike
1-1: Ball
2-1: Foul Ball, location: 2F
2-2: Foul Ball, location: 2F
2-2: Ball
3-2: Fly out, F9 (Flyball, 9, EV 95.0 MPH)
Batting: RHB Adam Robinson 0-0: Ball
1-0: Ball
2-0: Swinging Strike
2-1: Fly out, F8 (Flyball, 8LD, EV 97.5 MPH)
Top of the 9th over - 0 runs, 1 hit, 0 errors, 2 left on base; Detroit 3 - Minnesota 0
BOTTOM OF THE 9TH
Minnesota Twins batting - Pitching for Detroit Tigers : RHP Eric Bradley
Pitching: RHP Zózimo Czolgosz
Batting: LHB Frank Catalanotto 0-0: Foul Ball, location: 7LMF
0-1: Ball
1-1: Fly out, F8 (Flyball, 8LS, EV 95.6 MPH)
Batting: LHB Alex Torres 0-0: Ball
1-0: Called Strike
1-1: Fly out, F9 (Flyball, 89M, EV 98.8 MPH)
Batting: RHB Paul Konerko 0-0: Ball
1-0: Ball
2-0: SOLO HOME RUN (Flyball, 9D, EV 99.4 MPH), Distance : 365 ft
Batting: RHB Kirk Ordway 0-0: Ball
1-0: Ball
2-0: Ball
3-0: Base on Balls
Batting: RHB Tim Garland 0-0: Called Strike
0-1: DOUBLE (Groundball, 5L, EV 107.5 MPH)
Kirk Ordway to third
Batting: LHB Bo Springfield 0-0: TRIPLE (Flyball, 78XD, EV 86.9 MPH)
Kirk Ordway scores
Tim Garland scores
Batting: LHB Fernando Vina 0-0: Ball
1-0: SINGLE (Line Drive, 7S, EV 88.8 MPH)
Bo Springfield scores
Bottom of the 9th over - 4 runs, 4 hits, 0 errors, 1 left on base; Detroit 3 - Minnesota 4
Sunday, April 14th , 2024 - OOTP Baseball 24.7 Build 72